 Dungeon Crawl Stone Soup version 0.21-a0-270-g8204059 (webtiles) character file.

60461 Chiseanne the Grappler (level 14, -4/137 HPs)
             Began as a Troll Wanderer on Sept 14, 2017.
             Was the Champion of Wu Jian.
             Slain by an orc wizard
             ... wielding a +2 dagger of electrocution
              (22 damage)
             ... on level 2 of the Orcish Mines.
             The game lasted 01:00:11 (15626 turns).

Chiseanne the Grappler (Troll Wanderer)            Turns: 15626, Time: 01:00:11

Health: -4/137     AC: 20    Str: 25    XL:     14   Next: 57%
Magic:  16/16      EV: 19    Int: 11    God:    Wu Jian [******]
Gold:   902        SH:  0    Dex: 15    Spells: 15/17 levels left

rFire    + + .     SeeInvis .     - Unarmed
rCold    x . .     Gourm    +   (no shield)
rNeg     . . .     Faith    .   C - +4 fire dragon scales
rPois    .         Spirit   .   A - +0 hat {Int+3}
rElec    .         Reflect  .   L - +0 cloak
rCorr    .         Harm     +   (gloves unavailable)
MR       +....                  (boots unavailable)
Stlth    ..........             t - amulet of harm
HPRegen  0.72/turn              T - +5 ring of evasion
MPRegen  0.15/turn              M - ring "Nowkof" {Str+4 Slay+5}

@: drained
A: unfitting armour, claws 3, fast metabolism 3, gourmand, regeneration 1,
shaggy fur 1, tough skin 2
a: Serpent's Lash, Heavenly Storm, Renounce Religion


You were on level 2 of the Orcish Mines.
You worshipped Wu Jian.
Wu Jian was exalted by your worship.
You were very full.

You visited 3 branches of the dungeon, and saw 18 of its levels.
You also visited: Sewer and Volcano.

You collected 3175 gold pieces.
You spent 2273 gold pieces at shops.

Inventory:

Hand Weapons
 a - a +2 battleaxe of flaming
 d - the +6 dagger of Gipnoimm {freeze, rElec MR++ Dex+4}
   (You found it on level 6 of the Dungeon)

   It has been specially enchanted to freeze those struck by it, causing extra
   injury to most foes and up to half again as much damage against particularly
   susceptible opponents.
   It can also slow down cold-blooded creatures.
   It affects your dexterity (+4).
   It insulates you from electricity.
   It affects your resistance to hostile enchantments.
 s - a +2 giant spiked club
Missiles
 q - 11 tomahawks
 w - 156 sling bullets
 H - 226 bolts
 J - 19 large rocks (quivered)
Armour
 A - a +0 hat of intelligence (worn)
 B - a +0 large shield
 C - +4 fire dragon scales (worn)
 L - a +0 cloak (worn)
Magical Staves
 c - an uncursed staff of wizardry
Jewellery
 t - an amulet of harm (around neck)
 M - the ring "Nowkof" (right claw) {Str+4 Slay+5}
   (You bought it in a shop on level 5 of the Dungeon)

   [ring of strength]

   It affects your strength (+4).
   It affects your accuracy and damage with ranged weapons and melee attacks
   (+5).
 N - an uncursed ring of ice
 S - the ring of Charity {+Blink +Fly rF- rC- Int+5 Stlth-}
   (You found it on level 11 of the Dungeon)

   [ring of loudness]

   It affects your intelligence (+5).
   It makes you vulnerable to fire.
   It makes you vulnerable to cold.
   It lets you fly.
   It lets you blink.
   It makes you less stealthy.
 T - a +5 ring of evasion (left claw)
Wands
 j - a wand of digging (2/24)
 n - a wand of digging (11/24)
 z - a wand of digging (8/24)
 D - a wand of acid (8/15)
 I - a wand of lightning (6/15)
 U - a wand of confusion (30/48)
 W - a wand of confusion (22/48)
 Z - a wand of lightning (8/15)
Scrolls
 b - 9 scrolls of teleportation
 l - a scroll of identify
 u - 4 scrolls of fear
 y - 2 scrolls of fog
 E - 3 scrolls of recharging
 G - 4 scrolls of magic mapping
 Q - a scroll of remove curse
Potions
 e - a potion of berserk rage
 h - 4 potions of cancellation
 i - a potion of haste
 k - 4 potions of agility
 m - 13 potions of curing
 o - 2 potions of might
 r - a potion of experience {unknown}
 v - 6 potions of flight
 K - 3 potions of resistance
 O - a potion of lignification {unknown}
 P - a potion of invisibility
 R - 5 potions of heal wounds
Books
 V - a book of the Sky

   Spells                             Type                      Level
   a - Summon Lightning Spire         Summoning/Air                4
   b - Silence                        Hexes/Air                    5
   c - Deflect Missiles               Charms/Air                   6
   d - Conjure Ball Lightning         Conjuration/Air              6
   e - Tornado                        Air                          9
Comestibles
 f - 14 bread rations
 g - 11 meat rations
 p - 5 chunks of flesh
 x - 14 fruits
 F - 7 royal jellies


   Skills:
 - Level 8.4(7.8) Fighting
 * Level 8.0(7.4) Throwing
 * Level 11.1(10.5) Armour
 * Level 11.0(10.4) Dodging
 - Level 1.0(0.5) Stealth
 * Level 13.0(12.4) Unarmed Combat
 - Level 2.0(1.5) Spellcasting
 - Level 1.0(0.5) Evocations


You had 15 spell levels left.
You knew the following spells:

 Your Spells              Type           Power        Failure   Level  Hunger
a - Blink                 Tloc           N/A          73%         2    ###....


Dungeon Overview and Level Annotations

Branches:
Dungeon (15/15)            Temple (1/1) D:6            Lair (0/6) D:9
    Orc (2/2) D:11            Elf (0/3) Orc:2        Vaults (0/5) D:13
 Depths (0/5) D:15

Altars:
Cheibriados
Dithmenos
Elyvilon
Fedhas
Gozag
Hepliaklqana
Kikubaaqudgha
Makhleb
Nemelex Xobeh
Okawaru
Qazlal
Sif Muna
Trog
Vehumet
Wu Jian
Xom
Yredelemnul
The Shining One
Beogh

Shops:
D:5 =   D:7 *   D:10 [   D:12 ?(=}   Orc:2 !%

Annotations:
D:8 Erica


Innate Abilities, Weirdness & Mutations

You are too large for most types of armour.
You have claws for hands.
Your metabolism is lightning-fast.
You like to eat raw meat.
Your natural rate of healing is unusually fast.
You are covered in fur. (AC +1)
You have very tough skin. (AC +2)


Message History

The magic dart hits you! The orc warrior misses you.
The orc warrior barely misses you.
The orc warrior hits you from afar with a glaive!
* * * LOW HITPOINT WARNING * * *
You spin and attack the orc warrior.
You mangle the orc warrior!!
You kill the orc warrior!
The Council accepts your kill.
An orc warrior comes into view. It is wielding a trident.
Things that are here:
a war axe; a leather armour; an orc corpse You lunge at the orc.
You barely miss the orc.
You spin and attack the orc warrior.
You mangle the orc warrior!!
You kill the orc warrior!
The Council accepts your kill.
You spin and attack the orc warrior.
You mangle the orc warrior!!
You claw the orc warrior, but do no damage.
The orc warrior is almost dead.
The orc wizard hits you but does no damage.
You are electrocuted!
You die...

..##.........# ####.#####.#
...##........# #..........#
.o.8...8...8.####.####...).#
.o..........'....#..#..)..#
o.8...8...8)####.').#.....#
##........####.#).#......
##....†o)).#..#.####.#####
#....o.#ooo#..'......#...#
#....o##)@##..#....#.#...#
#.....#.o)#####....#.##)##
#..o..##...# .......#......
#o....#....##.#####+###.###
#.....##...### #.##.
..oo.##....# #.##. ....#
#...## #'### ..o## ### #...#
#..o# #.## ###....


You could see 2 orc warriors, 2 orc wizards and 2 orcs.

Vanquished Creatures
  A rakshasa (D:13)
  2 ogre magi
  A hydra (D:15)
  3 vault guards (D:13)
  3 centaur warriors
  A dancing weapon (Volcano)
  A queen ant (D:9)
  9 two-headed ogres
  2 tengu warriors (D:12)
  Sonja (D:15)
  2 unseen horrors
  A wolf spider zombie (D:14)
  7 orc knights
  Pikel (D:8)
  6 wizards
  2 ugly things
  4 cyclopes
  6 orc sorcerers
  A manticore (D:15)
  5 toenail golems (Volcano)
  2 naga magi (D:15)
  5 gargoyles
  3 centaur zombies
  A centaur skeleton (D:15)
  An efreet (D:15)
  A komodo dragon (D:15)
  2 tengu conjurers (D:15)
  4 yaktaurs
  3 meliai (D:12)
  8 trolls
  A hornet (D:8)
  A raiju (shapeshifter) (D:13)
  Prince Ribbit (D:8)
  5 hippogriffs
  2 centaur simulacra (D:14)
  5 slime creatures (D:12)
  A wyvern (D:13)
  A shadow (D:8)
  A human (D:9)
  3 hogs (D:9)
  11 yaks
  A vampire (D:12)
  Grum (D:11)
  A hungry ghost (D:15)
  Menkaure (D:7)
  4 vampire mosquitoes (D:13)
  2 acid dragons (D:12)
  4 wargs
  19 soldier ants (D:9)
  Duvessa (D:7)
  3 water moccasins
  Purgy (Sewer)
  A black bear (D:5)
  5 sky beasts
  A slave (D:8)
  6 ice beasts
  34 orc warriors
  A swamp drake (D:11)
  14 ogres
  A phantom (D:13)
  A necrophage (D:7)
  2 wolves (D:11)
  13 centaurs
  2 big kobolds
  13 bullfrogs
  Dowan (D:7)
  A wyvern skeleton (D:14)
  3 scorpions
  3 killer bees (D:8)
  3 howler monkeys
  28 wights
  An electric eel (D:6)
  8 crimson imps
  2 quasits (D:11)
  5 bullfrog zombies
  4 jellies
  24 orc priests
  6 hounds
  A bullfrog skeleton (D:7)
  3 iguanas
  20 orc wizards
  22 worker ants
  Ijyb (D:5)
  Terence (D:3)
  A hound skeleton (D:10)
  2 worker ant zombies
  Robin (D:4)
  A gnoll (Orc:2)
  13 adders
  A river rat (D:6)
  6 shadow imps
  2 white imps (D:14)
  An ooze (D:3)
  2 adder zombies (D:7)
  An adder skeleton (D:7)
  2 worms
  2 dart slugs
  6 leopard geckos
  89 orcs
  3 ball pythons
  A bat zombie (D:2)
  5 giant cockroaches
  14 goblins
  15 hobgoblins
  9 jackals
  3 quokkas
  7 bats
  8 frilled lizards
  A jackal skeleton (D:5)
  21 kobolds
  A leopard gecko skeleton (D:4)
  2 quokka skeletons
  A quokka zombie (D:7)
  15 rats
  4 rat zombies (D:2)
630 creatures vanquished.

Vanquished Creatures (collateral kills)
  Snorg (D:10)
  An acid dragon (D:12)
  An ogre (Orc:1)
  A bullfrog zombie (D:11)
4 creatures vanquished.

Vanquished Creatures (others)
  2 slaves (D:8)
  An orc (D:11)
  A jackal (D:6)
  5 toadstools (D:1)
9 creatures vanquished.

Grand Total: 643 creatures vanquished

Notes
Turn   | Place    | Note
-------+----------+-------------------------------------------
     0 | D:1      | Chiseanne the Troll Wanderer began the quest for the Orb.
     0 | D:1      | Chiseanne set off with: a book of Minor Magic, 2 scrolls of teleportation, a +0 robe, a +0 club, a +0 dagger, 2 bread rations
     0 | D:1      | Reached XP level 1. HP: 19/19 MP: 2/2
   160 | D:1      | Reached XP level 2. HP: 26/27 MP: 4/4
   711 | D:2      | Reached XP level 3. HP: 33/33 MP: 5/5
   717 | D:2      | Found an ancient bone altar of Kikubaaqudgha.
  1153 | D:2      | Found a shadowy altar of Dithmenos.
  1341 | D:3      | Noticed Terence
  1350 | D:3      | Killed Terence
  1350 | D:3      | Reached skill level 3 in Unarmed Combat
  1350 | D:3      | Reached XP level 4. HP: 41/41 MP: 6/6
  1562 | D:3      | Reached skill level 1 in Armour
  1930 | D:3      | Found a faded altar of an unknown god.
  2293 | D:4      | Reached XP level 5. HP: 41/49 MP: 7/7
  2493 | D:4      | Noticed Robin
  2521 | D:4      | Killed Robin
  2990 | D:5      | Entered Level 5 of the Dungeon
  2990 | D:5      | Noticed a black bear
  3000 | D:5      | Killed a black bear
  3000 | D:5      | Reached XP level 6. HP: 56/59 MP: 8/8
  3026 | D:5      | Found Husiem's Jewellery Boutique.
  3043 | D:5      | Reached skill level 4 in Unarmed Combat
  3072 | D:5      | Reached XP level 7. HP: 52/67 MP: 9/9
  3488 | D:5      | Noticed Ijyb
  3508 | D:5      | Killed Ijyb
  3598 | D:5      | Reached skill level 5 in Unarmed Combat
  3693 | D:6      | Reached XP level 8. HP: 51/78 MP: 10/10
  3735 | D:6      | Found a staircase to the Ecumenical Temple.
  3779 | Temple   | Entered the Ecumenical Temple
  3821 | Temple   | Became a worshipper of the Wu Jian Council
  3941 | D:6      | Found a glowing drain.
  3953 | Sewer    | Entered a sewer
  3976 | Sewer    | Noticed Purgy
  3987 | Sewer    | Killed Purgy
  4339 | D:6      | Got a brightly glowing dagger
  4393 | D:6      | Reached skill level 6 in Unarmed Combat
  4410 | D:6      | Reached * piety under Wu Jian
  4842 | D:6      | Reached XP level 9. HP: 73/87 MP: 11/11
  4944 | D:7      | Reached skill level 5 in Fighting
  4962 | D:7      | Found a stormy altar of Qazlal.
  4986 | D:7      | Reached skill level 5 in Dodging
  5014 | D:7      | Found Vuleb's Serpentskin Sales.
  5030 | D:7      | Reached skill level 5 in Armour
  5243 | D:7      | Noticed Duvessa
  5252 | D:7      | Noticed Dowan
  5252 | D:7      | Killed Duvessa
  5270 | D:7      | Killed Dowan
  5308 | D:7      | Reached skill level 7 in Unarmed Combat
  5353 | D:7      | Noticed Menkaure
  5367 | D:7      | Killed Menkaure
  5578 | D:8      | Reached ** piety under Wu Jian
  5597 | D:8      | Noticed Erica
  5802 | D:8      | Found a bloodstained altar of Trog.
  5871 | D:8      | Noticed Pikel
  5896 | D:8      | Killed Pikel
  5896 | D:8      | Reached XP level 10. HP: 94/98 MP: 12/12
  5975 | D:8      | Found an opulent altar of Gozag.
  6027 | D:8      | Found a basalt altar of Yredelemnul.
  6180 | D:8      | Noticed Prince Ribbit
  6183 | D:8      | Identified the +6 dagger of Gipnoimm {freeze, rElec MR++ Dex+4} (You found it on level 6 of the Dungeon)
  6211 | D:8      | Killed Prince Ribbit
  6292 | D:8      | Found a glowing golden altar of the Shining One.
  6443 | D:9      | Reached skill level 8 in Unarmed Combat
  6816 | D:9      | Reached *** piety under Wu Jian
  7009 | D:9      | Noticed a queen ant
  7038 | D:9      | Killed a queen ant
  7038 | D:9      | Reached skill level 9 in Unarmed Combat
  7038 | D:9      | Reached XP level 11. HP: 52/109 MP: 13/13
  7173 | D:9      | Found a staircase to the Lair.
  7924 | D:10     | Entered Level 10 of the Dungeon
  8070 | D:10     | Found a sparkling altar of Nemelex Xobeh.
  8342 | D:10     | Learned a level 2 spell: Blink
  8453 | D:10     | Found Mehesin's Antique Armour Boutique.
  8606 | D:10     | Noticed Snorg
  8615 | D:10     | Killed Snorg
  9061 | D:11     | Reached **** piety under Wu Jian
  9067 | D:11     | Noticed a two-headed ogre
  9080 | D:11     | Killed a two-headed ogre
  9109 | D:11     | Noticed a brown ugly thing
  9124 | D:11     | Killed a brown ugly thing
  9247 | D:11     | Got a warped marble ring
  9273 | D:11     | Identified the ring of Charity {+Blink +Fly rF- rC- Int+5 Stlth-} (You found it on level 11 of the Dungeon)
  9367 | D:11     | Noticed Grum
  9373 | D:11     | Killed Grum
  9482 | D:11     | Reached skill level 10 in Unarmed Combat
  9559 | D:11     | Found a staircase to the Orcish Mines.
  9704 | D:11     | Identified a scroll of acquirement
  9806 | D:5      | Bought the ring "Nowkof" {Str+4 Slay+5} for 770 gold pieces
  9807 | D:5      | Bought a +5 ring of evasion for 770 gold pieces
 10046 | D:12     | Found Kyeruwul's Weapon Shop.
 10046 | D:12     | Reached ***** piety under Wu Jian
 10052 | D:12     | Found Vebbuzol's Magic Scroll Shoppe.
 10163 | D:12     | Bought a scroll of magic mapping for 49 gold pieces
 10298 | D:12     | Found Essanuph's Gadget Shoppe.
 10311 | D:12     | Noticed a tengu warrior
 10312 | D:12     | Noticed a tengu warrior
 10319 | D:12     | Killed a tengu warrior
 10319 | D:12     | Reached XP level 12. HP: 120/122 MP: 14/14
 10322 | D:12     | Killed a tengu warrior
 10322 | D:12     | Reached skill level 1 in Throwing
 10405 | D:12     | Noticed a two-headed ogre
 10410 | D:12     | Killed a two-headed ogre
 10453 | D:12     | Found Ontalul's Jewellery Shop.
 10872 | D:13     | Noticed a vault guard
 10890 | D:13     | Noticed a centaur warrior
 10894 | D:13     | Reached skill level 11 in Unarmed Combat
 10899 | D:13     | Killed a centaur warrior
 11008 | D:13     | Noticed a two-headed ogre
 11011 | D:13     | Killed a two-headed ogre
 11346 | D:13     | Noticed a rakshasa
 11356 | D:13     | Killed a rakshasa
 11434 | D:13     | Reached XP level 13. HP: 114/128 MP: 15/15
 11709 | D:13     | Reached skill level 5 in Throwing
 11859 | D:13     | Found a gate to the Vaults.
 11982 | D:14     | Reached ****** piety under Wu Jian
 12805 | D:15     | Entered Level 15 of the Dungeon
 12810 | D:15     | Reached skill level 12 in Unarmed Combat
 12906 | D:15     | Reached skill level 10 in Dodging
 12909 | D:15     | Reached skill level 10 in Armour
 13164 | D:15     | Noticed Sonja
 13176 | D:15     | Killed Sonja
 13486 | D:15     | Found a staircase to the Depths.
 13870 | D:15     | Reached XP level 14. HP: 83/137 MP: 16/16
 14092 | Orc:1    | Entered Level 1 of the Orcish Mines
 14103 | Orc:1    | Found a burning altar of Makhleb.
 14163 | Orc:1    | Found a dark tunnel.
 14192 | Volcano  | Entered a volcano
 14610 | Orc:1    | Found a roughly hewn altar of Beogh.
 14831 | Orc:2    | Entered Level 2 of the Orcish Mines
 14891 | Orc:2    | Found a roughly hewn altar of Beogh.
 14992 | Orc:2    | Found Heplaudgh's Food Emporium.
 15025 | Orc:2    | Found Ykedd's Distillery.
 15037 | Orc:2    | Bought a potion of invisibility for 96 gold pieces
 15037 | Orc:2    | Bought a potion of resistance for 120 gold pieces
 15037 | Orc:2    | Bought a potion of heal wounds for 60 gold pieces
 15037 | Orc:2    | Bought a potion of curing for 36 gold pieces
 15037 | Orc:2    | Bought a potion of curing for 36 gold pieces
 15037 | Orc:2    | Bought a potion of curing for 36 gold pieces
 15037 | Orc:2    | Bought a potion of agility for 48 gold pieces
 15037 | Orc:2    | Bought a potion of cancellation for 96 gold pieces
 15037 | Orc:2    | Bought a potion of resistance for 120 gold pieces
 15037 | Orc:2    | Bought a potion of flight for 36 gold pieces
 15213 | Orc:2    | Reached skill level 13 in Unarmed Combat
 15421 | Orc:2    | Found a staircase to the Elven Halls.
 15626 | Orc:2    | Slain by an orc wizard

Vault maps used:
D:1:      ldierk_walled_garden, serial_park_tiny_1, minmay_misc_feat_nine_boxes
D:2:      lemuel_zombie_altar_kikubaaqudgha, fountainhead,
          nicolae_dithmenos_shadow_blocks
D:3:      chequers_ecumenical_altar_simple_redux, minmay_goblin_kobold_house,
          uniq_terence
D:4:      first_bread, uniq_robin
D:5:      serial_corexii_hall, corexii_hall_statues_l, corexii_hall_statues_i,
          serial_shops, nicolae_shop_waterfront, hex_intersection,
          kennysheep_generic_room_5, uniq_ijyb
D:6:      minmay_temple_entry_large_hall, portal_sewer_entry_e, lightli_minifort
D:7:      grunt_qazlal_clouds, guppyfry_shop_venom, uniq_duvessa, uniq_menkaure
D:8:      nicolae_tso_swordbearing_angel, yredelemnul_altar_generic,
          lemuel_crystal_altar, lightli_temple_of_fire, uniq_erica, uniq_pikel,
          uniq_prince_ribbit1
D:9:      lair_entry_dummy, grunt_livestock, minmay_misc_feat_plants,
          glass_columns_c, minivault_29
D:10:     serial_shops, shop, basic_altar, minmay_misc_feat_doors, uniq_snorg
D:11:     erik_orc_1, lemuel_old_faithful, uniq_grum
D:12:     serial_shops, shop, shop, nicolae_shop_waterfront,
          nicolae_shop_crystal
D:13:     grunt_vaults_entry_fortified
D:14:     serial_ice, serial_ice_d, serial_ice_b, serial_ice_h, serial_ice_a
D:15:     grunt_enter_depths_magical_seal, hangedman_abyss_or_decor_clamps,
          grunt_ministairs_2, uniq_sonja
Temple:   nicolae_temple_elliptical
Orc:1:    lightli_volcano_entry_magma_tube, basic_altar, bloody_makhleb
Orc:2:    pubby_orc_utopia
Sewer:    sewer_co_purgy_island
Volcano:  volcano_bunker

Skill      XL: |  1  2  3  4  5  6  7  8  9 10 11 12 13 14 |
---------------+-------------------------------------------+-----
Dodging        | 2 3 4 6 7 8 9 10 11 | 11.0
Unarmed Combat | 3 4 5 6 7 9 10 11 12 13 | 13.0
Armour         | 1 2 3 4 5 6 8 9 10 11 | 11.1
Fighting       | 2 3 4 6 7 8 |  8.4
Throwing       | 4 6 8 |  8.0
Stealth        | |  1.0
Spellcasting   | |  2.0
Evocations     | |  1.0

Action                   |  1- 3 |  4- 6 |  7- 9 | 10-12 | 13-15 || total
-------------------------+-------+-------+-------+-------+-------++-------
Melee: Unarmed           |   102 |   206 |   452 |   719 |   580 ||  2059
       Punch             |     1 |     4 |    13 |    46 |    42 ||   106
       Battleaxe         |       |       |       |       |     4 ||     4
Throw: Stone             |       |     4 |       |       |       ||     4
       Large rock        |       |       |       |     3 |     2 ||     5
Invok: Serpent's Lash    |       |       |       |       |     2 ||     2
Evoke: Wand              |       |       |     1 |     1 |     2 ||     4
       Sack of spiders   |       |       |       |     7 |       ||     7
  Use: Scroll            |     3 |    10 |     7 |    12 |     4 ||    36
       Potion            |       |       |     3 |     5 |       ||     8
 Stab: Sleeping          |     1 |       |       |       |       ||     1
       Distracted        |       |       |       |     1 |     1 ||     2
       Confused          |       |       |       |     1 |       ||     1
  Eat: Chunk             |    17 |    16 |    25 |    53 |    39 ||   150
Armor: Robe              |    23 |       |       |       |       ||    23
       Fire dragon scale |    18 |   108 |   282 |   272 |   167 ||   847
Dodge: Dodged            |    45 |    57 |   217 |   381 |   395 ||  1095

Table legend:
 A = Spawn XP
 B = Non-spawn XP
 C = Spawn XP percentage of total XP
 D = Spawn monster count
 E = Non-spawn monster count
 F = Spawn count percentage of total count
 G = Total turns spent on level
                    A         B        C        D         E        F      G
               +---------+---------+-------+---------+---------+-------+---------
         Total |       0 |   86374 |   0.0 |       0 |     633 |   0.0 | 15626
               +---------+---------+-------+---------+---------+-------+---------
           D:1 |       0 |      32 |   0.0 |       0 |      19 |   0.0 |   632
           D:2 |       0 |      46 |   0.0 |       0 |      15 |   0.0 |   702
           D:3 |       0 |      96 |   0.0 |       0 |      34 |   0.0 |   907
           D:4 |       0 |     177 |   0.0 |       0 |      29 |   0.0 |   749
           D:5 |       0 |     992 |   0.0 |       0 |      28 |   0.0 |   761
           D:6 |       0 |    1346 |   0.0 |       0 |      40 |   0.0 |   950
           D:7 |       0 |    1927 |   0.0 |       0 |      32 |   0.0 |   821
           D:8 |       0 |    1814 |   0.0 |       0 |      12 |   0.0 |   845
           D:9 |       0 |    6856 |   0.0 |       0 |      64 |   0.0 |  1590
          D:10 |       0 |    1377 |   0.0 |       0 |      10 |   0.0 |  1151
          D:11 |       0 |    4916 |   0.0 |       0 |      46 |   0.0 |   803
          D:12 |       0 |   10368 |   0.0 |       0 |      44 |   0.0 |   990
          D:13 |       0 |   14376 |   0.0 |       0 |      53 |   0.0 |   971
          D:14 |       0 |    4295 |   0.0 |       0 |      26 |   0.0 |   878
          D:15 |       0 |   16543 |   0.0 |       0 |      41 |   0.0 |  1170
         Orc:1 |       0 |    2808 |   0.0 |       0 |      21 |   0.0 |   485
         Orc:2 |       0 |   11402 |   0.0 |       0 |     101 |   0.0 |   795
         Sewer |       0 |     169 |   0.0 |       0 |       7 |   0.0 |   100
       Volcano |       0 |    6834 |   0.0 |       0 |      11 |   0.0 |   254
               +---------+---------+-------+---------+---------+-------+---------
